 Dungeon Crawl Stone Soup version 0.32-a0-814-g0968bab981 (webtiles) character file.

Game seed: 14834394467761941975

1717 Hubris850 the Grappler (level 9, -13/59 HPs)
             Began as a Merfolk Shapeshifter on Mar 22, 2024.
             Was an Initiate of Makhleb.
             Mangled by a komodo dragon (20 damage)
             ... on level 8 of the Dungeon.
             The game lasted 00:13:39 (5835 turns).

Hubris850 the Grappler (Merfolk Shapeshifter)       Turns: 5835, Time: 00:13:39

Health: -13/59     AC:  5    Str: 16    XL:     9   Next: 4%
Magic:  0/14       EV: 18    Int: 10    God:    Makhleb [......]
Gold:   398        SH:  0    Dex: 15    Spells: 9/15 levels left

rFire   . .          .
                       - Unarmed
rCold   . . .        (no shield)
rNeg    . . .        l - +0 ring mail
rPois   +            (helmet currently unavailable)
rElec   .            (cloak currently unavailable)
rCorr   .            (gloves currently unavailable)
SInv    .            (boots currently unavailable)
Will    .....        e - amulet of guardian spirit
Stlth   +            h - +5 ring of evasion
HPRegen 0.29/turn    b - ring of poison resistance
MPRegen 0.14/turn

%: guardian spirit
@: beast-form
A: beast (slay +4), (nimble swimmer 2), mertail
a: Begin Untransformation, Renounce Religion


You were on level 8 of the Dungeon.
You worshipped Makhleb.
Makhleb was noncommittal.
You were a hulking beast.
You visited 2 branches of the dungeon, and saw 9 of its levels.

You collected 398 gold pieces.

Inventory:

Hand Weapons
 g - a +4 dagger
Missiles
 q - a throwing net (quivered)
 F - 5 curare-tipped darts
Armour
 a - a +0 animal skin
 l - a +0 ring mail (worn)
 y - a +0 tower shield
 A - a +0 kite shield
 H - a +0 cloak
Jewellery
 b - a ring of poison resistance (right hand)
 e - an amulet of guardian spirit (around neck)
 h - a +5 ring of evasion (left hand)
 s - a ring of protection from fire
Talismans
 c - a beast talisman (active)
 d - a flux talisman
 u - a granite talisman
 D - a blade talisman
Wands
 v - a wand of digging (3)
 x - a wand of flame (51)
Scrolls
 f - a scroll of poison {unknown}
 i - 9 scrolls of identify {unknown}
 k - 2 scrolls of butterflies {unknown}
 n - 3 scrolls of vulnerability {unknown}
 o - a scroll of fear {unknown}
 p - 2 scrolls of fog {unknown}
 t - 4 scrolls of noise {unknown}
 w - a scroll of revelation {unknown}
 C - a scroll of blinking {unknown}
 E - a scroll of immolation {unknown}
 J - a scroll of amnesia {unknown}
Potions
 j - a potion of cancellation
 m - 2 potions of invisibility {unknown}
 r - a potion of enlightenment {unknown}
 z - a potion of heal wounds {unknown}
 B - 2 potions of ambrosia
 G - a potion of mutation {unknown}
 I - a potion of magic {unknown}


   Skills:
 - Level 1.1 Fighting
 - Level 7.0 Dodging
 - Level 8.0 Unarmed Combat
 + Level 3.5 Spellcasting
 + Level 5.2 Alchemy
 - Level 7.0 Shapeshifting


You had 9 spell levels left.
You knew the following spells:

 Your Spells              Type           Power      Damage    Failure   Level
a - Mercury Vapours       Alch/Air       14%        N/A       26%         2
b - Olgreb's Toxic Radia  Alch           12%        N/A       50%         4

Your spell library contained the following spells:

 Spells                   Type           Power      Damage    Failure   Level
 Sting                    Conj/Alch      28%        1d4       17%         1
 Inner Flame              Hex/Fire       1%         N/A       83%         3
 Sigil of Binding         Hex            1%         N/A       83%         3
 Animate Dead             Necr           1%         N/A       99%         4
 Irradiate                Conj/Alch      3%         3d12      99%         5
 Death Channel            Necr           0%         N/A       100%        6
 Sculpt Simulacrum        Ice/Alch       3%         N/A       100%        6
 Haunt                    Necr/Summ      0%         N/A       100%        7
 Ignition                 Fire           0%         3d3       100%        8
 Infestation              Necr           0%         N/A       100%        8


Dungeon Overview and Level Annotations

Branches:
Dungeon (8/15)             Temple (1/1) D:5            Lair (0/5) D:8

Altars:
Ashenzari
Cheibriados
Dithmenos
Elyvilon
Fedhas
Gozag
Kikubaaqudgha
Makhleb
Ru
Sif Muna
Trog
Vehumet
Wu Jian
Xom
Yredelemnul
Zin

Shops:
D:7 *

Annotations:
D:7 3 runed translucent doors


Innate Abilities, Weirdness & Mutations

You are a hulking beast.
Your limbs bulge with bestial killing power. (Slay +4)
((You are very nimble when in or above water. (Stealth+, EV+, Speed+++)))
Your lower body shifts to a powerful aquatic tail in water.


Message History

The yak snorts and paws the ground.
There is a stone staircase leading down here.
You climb downwards.
There is a stone staircase leading up here.
Found a stone staircase leading up.
I - a blue potion
J - a scroll labelled TEVVAF GIPE The iguana hisses angrily.
The iguana bites the plant.
The plant begins to die.
Found a staircase to the Lair.
The komodo dragon hisses angrily.
No reachable target in view!
The komodo dragon bites the plant!
The iguana bites the plant.
The plant begins to die.
The komodo dragon bites the plant!!
A nearby plant withers and dies.
The iguana bites the plant.
Found a stone staircase leading down.
A nearby plant withers and dies.
You see here a scroll labelled MAEGEM TODU.
You hit the komodo dragon.
The komodo dragon is lightly wounded.
You barely miss the komodo dragon.
The komodo dragon is lightly wounded.
The komodo dragon barely misses you.
You hit the komodo dragon.
The komodo dragon is lightly wounded.
The iguana closely misses you. The komodo dragon bites you!!
You hit the komodo dragon.
The komodo dragon is lightly wounded.
The komodo dragon closely misses you. The iguana closely misses you.
You punch the komodo dragon!
The komodo dragon is moderately wounded.
The komodo dragon bites you. The iguana closely misses you.
You punch the komodo dragon!
The komodo dragon is heavily wounded.
The iguana bites you! The komodo dragon bites you!!
* * * LOW HITPOINT WARNING * * *
You barely miss the komodo dragon.
The komodo dragon is heavily wounded.
The iguana completely misses you. The komodo dragon bites you!!
You die... ##.. .... ########### ...##PPPPPPPPP# #.#PPPPPPP..PP

# ###..PPPP..>.PP
#.#.....PPPP..PPP
#.#.#....P..PPPPP
#....#...ll.PPP.P
###.###..hP..P..#
#.# ###.....###
#####.#######.....#
#.........# #.....
#.###.###.# #...#
#.###.####..<.>
#..........#.##
#####.###### #
#.#######.#


You could see a komodo dragon and an iguana.

Vanquished Creatures
  Sigmund (D:5)
  Edmund (D:6)
  A water moccasin (D:6)
  3 ice beasts
  An orc warrior (D:7)
  A black bear (D:7)
  An ogre (D:5)
  A centaur (D:7)
  A bullfrog (D:6)
  2 scorpions
  2 bombardier beetles
  2 hounds
  An orc priest (D:6)
  3 jellies
  A sleepcap (D:7)
  2 iguanas
  2 orc wizards
  5 adders
  2 white imps (D:7)
  2 dart slugs
  12 orcs
  5 endoplasms
  A giant cockroach (D:1)
  9 goblins
  7 hobgoblins
  4 jackals (D:3)
  2 quokkas
  9 ball pythons
  3 bats
  4 frilled lizards
  7 kobolds
  5 rats
103 creatures vanquished.

Notes
Turn   | Place    | Note
-------+----------+-------------------------------------------
     0 | D:1      | Hubris850 the Merfolk Shapeshifter began the quest for the
                  | Orb.
     0 | D:1      | Reached XP level 1. HP: 15/15 MP: 1/1
   192 | D:1      | Reached XP level 2. HP: 21/21 MP: 2/2
   509 | D:1      | Reached XP level 3. HP: 26/26 MP: 3/3
   877 | D:2      | Reached skill level 4 in Unarmed Combat
   877 | D:2      | Reached XP level 4. HP: 32/32 MP: 4/4
   947 | D:2      | Found a shimmering blue altar of Sif Muna.
  1594 | D:3      | Reached skill level 5 in Shapeshifting
  1631 | D:3      | Found an ornate altar of the Wu Jian Council.
  1859 | D:3      | Found a white marble altar of Elyvilon.
  1862 | D:3      | Reached XP level 5. HP: 35/37 MP: 5/5
  1892 | D:3      | Found a glowing silver altar of Zin.
  2490 | D:4      | Found a snail-covered altar of Cheibriados.
  2572 | D:4      | Found a shimmering altar of Xom.
  2652 | D:5      | Entered Level 5 of the Dungeon
  2662 | D:5      | Reached skill level 5 in Dodging
  2742 | D:5      | Reached XP level 6. HP: 37/43 MP: 6/6
  2787 | D:5      | HP: 2/43 [ogre/+0 giant spiked club (23)]
  2798 | D:5      | Reached skill level 5 in Unarmed Combat
  3021 | D:5      | Found a staircase to the Ecumenical Temple.
  3026 | Temple   | Entered the Ecumenical Temple
  3116 | Temple   | Became a worshipper of Makhleb the Destroyer
  3149 | D:5      | Noticed Sigmund
  3188 | D:5      | Killed Sigmund
  3189 | D:5      | Reached XP level 7. HP: 17/48 MP: 7/7
  3334 | D:5      | Reached skill level 6 in Unarmed Combat
  4117 | D:6      | Reached XP level 8. HP: 42/54 MP: 6/8
  4137 | D:6      | Reached skill level 7 in Unarmed Combat
  4348 | D:6      | Reached skill level 8 in Unarmed Combat
  4348 | D:6      | Reached skill level 1 in Alchemy
  4351 | D:6      | Learned a level 2 spell: Mercury Vapours
  4356 | D:6      | Learned a level 4 spell: Olgreb's Toxic Radiance
  4715 | D:6      | Noticed Edmund
  4730 | D:6      | Killed Edmund
  4731 | D:6      | Reached skill level 1 in Spellcasting
  5274 | D:7      | Found Gozag's Platinum Reserve.
  5274 | D:7      | Found an opulent altar of Gozag.
  5444 | D:7      | Reached skill level 5 in Alchemy
  5444 | D:7      | Reached XP level 9. HP: 57/59 MP: 10/14
  5602 | D:7      | Found a runed translucent gate.
  5603 | D:7      | Found a runed translucent gate.
  5604 | D:7      | Noticed a death yak
  5604 | D:7      | Found a runed translucent gate.
  5823 | D:8      | Found a staircase to the Lair.
  5823 | D:8      | Noticed a komodo dragon
  5835 | D:8      | Mangled by a komodo dragon

Illustrated notes

Levels and vault maps discovered:
D:1:      dpeg_arrival_boxes_within_box, layout_basic
D:2:      minmay_door_path, layout_rooms, basic_altar
D:3:      layout_loops_ring, mainiacjoe_overflow_two_lobes,
          nicolae_wu_jian_immortal_techniques
D:4:      layout_rooms, regret_index_xom_buried_treasure,
          mainiacjoe_overflow_surrounded_room, chequers_mini_garden
D:5:      layout_basic, temple_doors_e, uniq_sigmund
D:6:      layout_loops_ring, grunt_decor_resistance,
          chequers_serial_rivers_large_a, uniq_edmund
D:7:      lemuel_bear_cage, layout_rooms, nicolae_gozag_zags_fifth_avenue
D:8:      layout_loops_corners, kennysheep_little_box,
          mainiacjoe_overflow_concentric_impassable,
          eat_drink_and_be_merry_uskayaw, david_lair_shrubbed,
          amethyst_killhole, uniq_pikel, uniq_joseph, uniq_maurice
Temple:   dpeg_chambers_temple

Skill      XL: |  1  2  3  4  5  6  7  8 |
---------------+-------------------------+-----
Dodging        | 3 4 5 6 7 |  7.0
Unarmed Combat | 4 5 6 8 |  8.0
Shapeshifting  | 5 6 7 |  7.0
Alchemy        | 5 |  5.2
Spellcasting   | 3 |  3.5
Fighting       | |  1.1

Action                     |  1- 3 |  4- 6 |  7- 9 || total
---------------------------+-------+-------+-------++-------
  Melee: Unarmed           |    69 |   141 |   155 ||   365
         Punch             |     3 |     6 |     5 ||    14
  Throw: Dart              |       |       |     2 ||     2
  Evoke: Wand              |       |       |    12 ||    12
    Use: Potion            |       |     8 |       ||     8
 Armour: Animal skin       |    23 |       |       ||    23
         Ring mail         |       |    43 |    68 ||   111
         Skin              |       |     4 |       ||     4
  Dodge: Dodged            |    58 |    96 |   108 ||   262

Table legend: (Time is in decaauts)
 A = Elapsed time spent in this place.
 B = Non-inter-level travel time spent in this place.
 C = Inter-level travel time spent in this place.
 D = Time resting spent in this place.
 E = Time spent auto-exploring this place.
 F = Levels seen in this place.
 G = Mean time per level.
                   A        B        C        D        E       F      G
               +--------+--------+--------+--------+--------+-----+--------+
         Total |   5756 |   5540 |    216 |    288 |   4360 |   9 |  639.6 |
       Dungeon |   5652 |   5449 |    203 |    288 |   4360 |   8 |  706.5 |
        Temple |    103 |     90 |     13 |      0 |      0 |   1 |  103.0 |
               +--------+--------+--------+--------+--------+-----+--------+

Top non-repeatable levels by time:
     D:5: 1323 daAuts
     D:6: 1045 daAuts
     D:1: 858 daAuts
     D:3: 720 daAuts
     D:7: 613 daAuts
     D:4: 542 daAuts
     D:2: 516 daAuts
  Temple: 103 daAuts
     D:8: 33 daAuts
